 Dungeon Crawl Stone Soup version 0.20.1-1-g8b1a95d (webtiles) character file.

58 manyhoops the Ruffian (level 3, -2/28 HPs)
             Began as a Draconian Transmuter on July 26, 2017.
             Slain by Oddysee's ghost (11 damage)
             ... on level 3 of the Dungeon.
             The game lasted 00:04:46 (2514 turns).

manyhoops the Ruffian (Draconian Transmuter)        Turns: 2514, Time: 00:04:47

Health: -2/28      AC:  5    Str: 12    XL:     3   Next: 76%
Magic:  6/6        EV: 12    Int: 14    God:
Gold:   124        SH:  0    Dex: 11    Spells: 0/6 levels left

rFire    . . .     SeeInvis .     - Unarmed
rCold    . . .     Gourm    .   (no shield)
rNeg     . . .     Faith    .   (armour unavailable)
rPois    .         Spirit   .   (helmet restricted)
rElec    .         Reflect  .   (no cloak)
rCorr    .         Harm     .   (no gloves)
MR       .....                  (no boots)
Stlth    +.........             (no amulet)
Regen    0.1/turn               (no ring)
MPRegen  0.1/turn               (no ring)

@: no status effects
A: unfitting armour, cold-blooded, AC +5
a: no special abilities


You were on level 3 of the Dungeon.
You were not hungry.

You visited 1 branch of the dungeon, and saw 3 of its levels.

You collected 124 gold pieces.

Inventory:

Missiles
 a - 9 arrows
Scrolls
 e - a scroll of blinking
 h - a scroll of magic mapping
 j - a scroll of immolation {unknown}
 n - a scroll of enchant armour {unknown}
 o - a scroll of teleportation {unknown}
Potions
 f - a potion of might
 g - a potion of brilliance
 i - a potion of degeneration {unknown}
 k - a potion of mutation {unknown}
 l - a potion of curing {unknown}
Books
 b - a book of Changes

   Spells                             Type                      Level
   a - Beastly Appendage              Transmutation                1
   b - Sticks to Snakes               Transmutation                2
   c - Spider Form                    Transmutation/Poison         3
   d - Ice Form                       Ice/Transmutation            4
   e - Blade Hands                    Transmutation                5
Comestibles
 c - 3 bread rations
 p - 2 meat rations


   Skills:
 - Level 1.1 Fighting
 - Level 1.7 Dodging
 - Level 4.0 Unarmed Combat
 - Level 2.0 Spellcasting
 + Level 3.1 Transmutations


You couldn't memorise any spells.
You knew the following spells:

 Your Spells              Type           Power        Failure   Level  Hunger
a - Beastly Appendage     Tmut           ##....       6%          1    ##.....
b - Sticks to Snakes      Tmut           ##......     10%         2    ###....
c - Spider Form           Tmut/Pois      #.........   36%         3    ####...


Dungeon Overview and Level Annotations

Branches:
Dungeon (3/15)

Altars:
Cheibriados
Okawaru

Annotations:
D:3 Oddysee's ghost, amateur MfGl


Innate Abilities, Weirdness & Mutations

Your plain brown scales are hard. (AC +5)
You cannot fit into any form of body armour.
You are cold-blooded and may be slowed by cold attacks.


Message History

Oddysee's ghost is nearby!
Oddysee's ghost is nearby!
There is a stone staircase leading up here.
Oddysee's ghost hits you.
There is a stone staircase leading up here.
You hit Oddysee's ghost.
Oddysee's ghost is lightly damaged.
Oddysee's ghost closely misses you.
You closely miss Oddysee's ghost.
Oddysee's ghost is lightly damaged.
Oddysee's ghost hits you.
You hit Oddysee's ghost.
Oddysee's ghost is lightly damaged.
Oddysee's ghost barely misses you.
You hit Oddysee's ghost.
Oddysee's ghost is moderately damaged.
Oddysee's ghost says very slowly, "There's no hope."
Oddysee's ghost hits you! Oddysee's ghost hits you!
You die...

######
###########.##.###
#@W...............
###########.##.###
#..#...# #.......
#..#.... #..#.#.#
.........
###..#.#.#
#..#....


You could see Oddysee's ghost.

Vanquished Creatures
  A gnoll (D:2)
  2 worms (D:2)
  A leopard gecko (D:2)
  An orc (D:2)
  7 bats
  4 goblins
  6 hobgoblins
  6 frilled lizards
  11 kobolds
  5 rats
44 creatures vanquished.

Vanquished Creatures (collateral kills)
  A rat (D:2)
1 creature vanquished.

Grand Total: 45 creatures vanquished

Notes
Turn   | Place    | Note
-------+----------+-------------------------------------------
     0 | D:1      | manyhoops the Draconian Transmuter began the quest for the Orb.
     0 | D:1      | Reached XP level 1. HP: 16/16 MP: 3/3
   406 | D:1      | Reached XP level 2. HP: 16/23 MP: 5/5
   955 | D:2      | Reached skill level 4 in Unarmed Combat
  1086 | D:2      | Learned a level 2 spell: Sticks to Snakes
  1594 | D:2      | Reached XP level 3. HP: 28/28 MP: 6/6
  1906 | D:2      | Learned a level 3 spell: Spider Form
  2084 | D:2      | Found an iron altar of Okawaru.
  2358 | D:3      | Found a snail-covered altar of Cheibriados.
  2379 | D:3      | Noticed Oddysee's ghost (amateur MfGl)
  2514 | D:3      | Slain by Oddysee's ghost

Skill      XL: |  1  2  3 |
---------------+----------+-----
Unarmed Combat | 4 |  4.0
Transmutations | 3 |  3.1
Fighting       | |  1.1
Dodging        | |  1.7
Spellcasting   | |  2.0

Action                   || total
-------------------------++-------
Melee: Unarmed           ||   176
       Tailslap          ||     9
       Kick              ||     4
 Cast: Sticks to Snakes  ||     3
       Beastly Appendage ||     3
  Use: Scroll            ||     4
 Stab: Sleeping          ||     1
  Eat: Royal jelly       ||     1
       Chunk             ||     3
Armor: Skin              ||    45
Dodge: Dodged            ||   112
